 Dungeon Crawl Stone Soup version 0.32-a0-128-g77eb882913 (webtiles) character file.

Game seed: 16604350030216171154

285 PriceMaster the Firebug (level 6, -46/55 HPs)
             Began as an Octopode Fire Elementalist on Feb 8, 2024.
             Was an Initiate of Dithmenos.
             Killed by an exploding Duvessa (57 damage)
             ... ignited by their inner flame
             ... on level 4 of the Dungeon.
             The game lasted 00:09:40 (4548 turns).

PriceMaster the Firebug (OpFE)                      Turns: 4548, Time: 00:09:41

Health: -46/55     AC: 23    Str: 11    XL:     6   Next: 29%
Magic:  0/10       EV:  2    Int: 19    God:    Dithmenos [......]
Gold:   210        SH:  0    Dex: 12    Spells: 5/11 levels left

rFire   x . .        f - staff of the Ancients {rF- rC++ Str+3 SInv Stlth+ Conj}
rCold   + + .        (no shield)
rNeg    . . .        (helmet currently unavailable)
rPois   +            (no amulet)
rElec   .            g - ring of resist corrosion
rCorr   +            (no ring)
SInv    +            (no ring)
Will    +....        (no ring)
Stlth   +++          (no ring)
HPRegen 0.29/turn    (no ring)
MPRegen 0.12/turn    (no ring)
                     (no ring)

%: no passive effects
@: tree-form, enlightened
A: stationary, stasis, torment immunity, boosted hp, almost no armour,
(amphibious), 8 rings, (camouflage 1), (gelatinous body 1), (nimble swimmer 1),
(tentacles)
a: Renounce Religion


You were on level 4 of the Dungeon.
You worshipped Dithmenos.
Dithmenos was noncommittal.
You were a tree.
You visited 1 branch of the dungeon, and saw 4 of its levels.

You collected 210 gold pieces.

Inventory:

Hand Weapons
 e - a +0 dagger
 i - the +1 mace "Sistyl" {freeze, rElec rPois Will- rCorr}
   (You found it on level 4 of the Dungeon)

   rElec:     It insulates you from electricity.
   rPois:     It protects you from poison Will-: It decreases your willpower.
   rCorr:     It protects you from acid and corrosion.
Missiles
 b - 3 atropa-tipped darts
Magical Staves
 f - the staff of the Ancients (weapon) {rF- rC++ Str+3 SInv Stlth+ Conj}
   (You acquired it on level 4 of the Dungeon)

   [staff of conjuration]

   Base accuracy: +5 Base damage: 5 Base attack delay: 1.2 This weapon's minimum
   attack delay (0.6) is reached at skill level 12.
   Str+3:     It affects your strength (+3).
   rF-:       It makes you vulnerable to fire.
   rC++:      It greatly protects you from cold.
   SInv:      It lets you see invisible.
   Stlth+:    It makes you more stealthy.
   Conj:      It increases the power of your Conjurations spells.
   It falls into the 'Staves' category.
   It is a one-tentacled weapon.
Jewellery
 g - a ring of resist corrosion (left branch)
Wands
 a - a wand of acid (3)
Scrolls
 d - 4 scrolls of teleportation
 h - 3 scrolls of identify
Potions
 c - 2 potions of lignification


   Skills:
 + Level 0.9 Fighting
 + Level 1.1 Short Blades
 + Level 2.8 Dodging
 + Level 3.7 Stealth
 + Level 0.5 Unarmed Combat
 + Level 3.2 Spellcasting
 + Level 2.1 Conjurations
 + Level 0.9 Hexes
 + Level 4.4 Fire Magic


You had 5 spell levels left.
You knew the following spells:

 Your Spells              Type           Power      Damage    Failure   Level
a - Foxfire               Conj/Fire      92%        2x1d8     4%          1
b - Scorch                Fire           38%        2d6       3%          2
c - Inner Flame           Hex/Fire       13%        N/A       16%         3

Your spell library contained the following spells:

 Spells                   Type           Power      Damage    Failure   Level
 Ensorcelled Hibernation  Hex/Ice        8%         N/A       19%         2
 Volatile Blastmotes      Fire/Tloc      22%        2d11      19%         3
 Flame Wave               Conj/Fire      23%        2d8       36%         4
 Fugue of the Fallen      Necr           3%         N/A       41%         3
 Anguish                  Hex/Necr       2%         N/A       77%         4


Dungeon Overview and Level Annotations

Branches:
Dungeon (4/15)
 Temple: D:4-7

Altars:
Dithmenos
Uskayaw

Shops:
D:2 [

Annotations:
D:4 Dowan


Innate Abilities, Weirdness & Mutations

You are a tree.
Your roots penetrate the ground, keeping you stationary.
You cannot be teleported.
You are immune to unholy pain and torment.
Your maximum health is greatly increased.
You cannot wear most types of armour.
((You are amphibious.))
You can wear up to eight rings at the same time.
((Your skin changes colour to match your surroundings (Stealth+).))
((Your rubbery body absorbs attacks. (AC +1, EV +1)))
((You are camouflaged when in or above water. (Stealth+)))
((You have tentacles for arms and can constrict up to eight enemies at once.))


Message History

Dowan hits you but does no damage. Something appears at your feet!
Duvessa is no longer more vulnerable to fire.
Duvessa hits you with a +0 short sword.
* * * LOW HITPOINT WARNING * * *
Dowan hits you but does no damage.
The +1 mace "Sistyl" {freeze, rElec rPois Will- rCorr} stops glowing.
You feel stronger.
f - the staff of the Ancients (weapon)
{rF- rC++ Str+3 SInv Stlth+ Conj} Duvessa hits you but does no damage.
Dowan gestures at you while chanting.
The puff of flame hits you but does no damage.
You hit Dowan but do no damage.
Duvessa says, "My weaknesses are his strengths!"
Duvessa hits you but does no damage. Dowan gestures at you while chanting.
The puff of frost hits you but does no damage.
Okay, then.
Okay, then.
Aiming: Corrosive Bolt
Press: ? - help, Shift-Dir - straight line, p - Duvessa The bolt of acid hits Duvessa.
Flame seeps out of Duvessa.
Duvessa is heavily wounded.
Duvessa is engulfed in blazing flames.
Flame seeps out of Duvessa.
Duvessa hits you with a +0 short sword.
* * * LOW HITPOINT WARNING * * *
Dowan hits you but does no damage.
Aiming: Corrosive Bolt
Press: ? - help, Shift-Dir - straight line The bolt of acid hits Duvessa!
The acid corrodes Duvessa!
Flame seeps out of Duvessa.
Duvessa is almost dead.
Duvessa is engulfed in blazing flames.
Dithmenos accepts your kill.
Dowan's eyes darken. "You have made a grave mistake."
Dowan seems to find hidden reserves of power!
Duvessa explodes!
The fiery explosion engulfs you!!! The fire burns you terribly!
Ouch! That really hurt!
You die...

# # ### # ... ?# #
...... # #.##.# #
#.##.# .# #.#○##.#
.# #.§♣##.# .#
#...e).# .#
.#.#.#..##.#
............#
...........###.#
........#........#
....########.#####
#.## #.###########
#............


You could see Dowan (fast, inner flame).

Vanquished Creatures
  Duvessa (D:4)
  A phantom (D:3)
  An orc priest (D:3)
  A hound (D:3)
  Ijyb (D:3)
  An orc wizard (D:3)
  3 adders
  A ribbon worm (D:3)
  4 dart slugs
  4 orcs
  8 endoplasms
  6 giant cockroaches
  5 goblins
  3 hobgoblins
  5 ball pythons
  6 bats
  6 frilled lizards
  A kobold (D:1)
  8 rats
66 creatures vanquished.

Vanquished Creatures (others)
  97 foxfires
97 creatures vanquished.

Grand Total: 163 creatures vanquished

Notes
Turn   | Place    | Note
-------+----------+-------------------------------------------
     0 | D:1      | PriceMaster the Octopode Fire Elementalist began the quest
                  | for the Orb.
     0 | D:1      | Reached XP level 1. HP: 11/11 MP: 3/3
   288 | D:1      | Reached XP level 2. HP: 17/17 MP: 3/5
   291 | D:1      | Learned a level 2 spell: Scorch
   541 | D:1      | Reached XP level 3. HP: 13/21 MP: 3/6
   545 | D:1      | Learned a level 3 spell: Inner Flame
  1816 | D:2      | Reached skill level 4 in Fire Magic
  1973 | D:2      | Found Reqis's Armour Shoppe.
  2235 | D:3      | Reached XP level 4. HP: 27/27 MP: 2/7
  2313 | D:3      | Noticed a +0 spear
  2313 | D:3      | Noticed a +0 spear
  2315 | D:3      | Noticed a +0 dagger
  2315 | D:3      | Noticed a +0 dagger
  2316 | D:3      | Noticed a +0 falchion
  2316 | D:3      | Noticed a +0 short sword
  2317 | D:3      | Noticed a +0 falchion
  2317 | D:3      | Noticed a +0 short sword
  2388 | D:3      | Noticed a phantom
  2790 | D:3      | Killed a phantom
  2791 | D:3      | Reached XP level 5. HP: 20/32 MP: 0/8
  2991 | D:3      | Noticed Ijyb
  3078 | D:3      | Killed Ijyb
  3120 | D:3      | Reached skill level 1 in Short Blades
  3481 | D:3      | Found a hide-covered altar of Uskayaw.
  3558 | D:3      | Reached XP level 6. HP: 28/37 MP: 1/10
  4287 | D:4      | Found a shadowy altar of Dithmenos.
  4289 | D:4      | Identified the +1 mace "Sistyl" {freeze, rElec rPois Will-
                  | rCorr}
  4296 | D:4      | Became a worshipper of Dithmenos the Shadowed
  4524 | D:4      | Noticed Duvessa
  4539 | D:4      | Noticed Dowan
  4543 | D:4      | Identified a scroll of acquirement
  4544 | D:4      | Acquired the staff of the Ancients {rF- rC++ Str+3 SInv
                  | Stlth+ Conj}
  4548 | D:4      | Killed Duvessa
  4548 | D:4      | Killed by an exploding Duvessa... ignited by their inner
                  | flame

Illustrated notes

Levels and vault maps discovered:
D:1:      minmay_arrival_four_loops, layout_basic, minmay_tetromino_s2
D:2:      layout_loops_ring, serial_shops, nicolae_shop_tiny_glass
D:3:      layout_loops_ring, nicolae_uskayaw_en_pointe, minivault_23,
          kennysheep_orc_chapel, uniq_ijyb
D:4:      layout_loops_ring, kennysheep_little_box, hangedman_decor_push,
          nicolae_elevator_lobby_plus, uniq_duvessa

Skill      XL: |  1  2  3  4  5  6 |
---------------+-------------------+-----
Fire Magic     | 4 |  4.4
Stealth        | 3 |  3.7
Short Blades   | 1 |  1.1
Conjurations   | 2 |  2.1
Spellcasting   | 3 |  3.2
Fighting       | |  0.9
Dodging        | |  2.8
Unarmed Combat | |  0.5
Hexes          | |  0.9

Action                     |  1- 3 |  4- 6 || total
---------------------------+-------+-------++-------
  Melee: Unarmed           |    13 |       ||    13
         Constrict         |    17 |     3 ||    20
         Tentacles         |    12 |     2 ||    14
         Dagger            |    33 |    51 ||    84
         Punch             |     2 |     4 ||     6
         Mace              |       |    10 ||    10
         Staff             |       |     1 ||     1
  Throw: Dart              |       |     3 ||     3
   Cast: Foxfire           |    37 |    33 ||    70
         Scorch            |     6 |     7 ||    13
         Inner Flame       |     8 |    11 ||    19
  Evoke: Wand              |       |     7 ||     7
    Use: Potion            |       |     6 ||     6
         Scroll            |       |     5 ||     5
   Stab: Sleeping          |     2 |     1 ||     3
 Armour: Skin              |    20 |    65 ||    85
  Dodge: Dodged            |    33 |    19 ||    52

Table legend: (Time is in decaauts)
 A = Elapsed time spent in this place.
 B = Non-inter-level travel time spent in this place.
 C = Inter-level travel time spent in this place.
 D = Time resting spent in this place.
 E = Time spent auto-exploring this place.
 F = Levels seen in this place.
 G = Mean time per level.
                   A        B        C        D        E       F      G
               +--------+--------+--------+--------+--------+-----+--------+
         Total |   4529 |   4448 |     81 |   1306 |   2606 |   4 | 1132.2 |
       Dungeon |   4529 |   4448 |     81 |   1306 |   2606 |   4 | 1132.2 |
               +--------+--------+--------+--------+--------+-----+--------+

Top non-repeatable levels by time:
     D:3: 1696 daAuts
     D:1: 1238 daAuts
     D:2: 985 daAuts
     D:4: 608 daAuts
